 Dungeon Crawl Stone Soup version 0.25-a0-1024-gbfbf38f2cb (webtiles) character file.

Game seed: 2036958121484564876, levelgen mode: deterministic

339 Flugslaktarn the Chopper (level 6, -1/55 HPs)
             Began as a Minotaur Fighter on May 12, 2020.
             Slain by Natasha (8 damage)
             ... on level 3 of the Dungeon.
             The game lasted 00:01:06 (2271 turns).

Flugslaktarn the Chopper (Minotaur Fighter)         Turns: 2271, Time: 00:01:06

Health: -1/55      AC:  7    Str: 21    XL:     6   Next: 29%
Magic:  5/5        EV:  7    Int:  5    God:
Gold:   59         SH: 10    Dex: 11    Spells: 5/5 levels left

rFire    + . .     SeeInvis .   a - +0 war axe
rCold    . . .     Gourm    .   c - +0 kite shield
rNeg     . . .     Faith    .   b - +0 scale mail
rPois    .         Spirit   .   (helmet restricted)
rElec    .         Reflect  .   (no cloak)
rCorr    .         Harm     .   (no gloves)
MR       .....                  (no boots)
Stlth    ..........             (no amulet)
HPRegen  0.18/turn              (no ring)
MPRegen  0.09/turn              f - ring of protection from fire

@: mighty, lethally poisoned (-1 -> -6)
A: retaliatory headbutt, horns 2
a: no special abilities


You were on level 3 of the Dungeon.
You were not hungry.

You visited 1 branch of the dungeon, and saw 3 of its levels.

You collected 59 gold pieces.

Inventory:

Hand Weapons
 a - a +0 war axe (weapon)
Missiles
 s - a throwing net (quivered)
Armour
 b - a +0 scale mail (worn)
 c - a +0 kite shield (worn)
Jewellery
 f - a ring of protection from fire (right hand)
   (You found it on level 3 of the Dungeon)
 h - an uncursed ring of fire
   (You found it on level 1 of the Dungeon)
Scrolls
 g - a scroll of amnesia {unknown}
 l - 2 scrolls of identify {unknown}
 m - 3 scrolls of remove curse {unknown}
 n - 2 scrolls of teleportation {unknown}
 p - a scroll of noise {unknown}
 r - a scroll of immolation {unknown}
 u - a scroll of blinking {unknown}
Potions
 i - a potion of stabbing {unknown}
 j - a potion of flight {unknown}
 k - 2 potions of degeneration {unknown}
 o - 2 potions of lignification {unknown}
 q - a potion of resistance {unknown}
 v - a potion of heal wounds {unknown}
Comestibles
 e - 4 rations
 t - 7 chunks of flesh


   Skills:
 + Level 4.9 Fighting
 * Level 5.4 Axes
 + Level 4.9 Armour
 + Level 5.0 Shields


You had 5 spell levels left.
You didn't know any spells.
Your spell library was empty.

Dungeon Overview and Level Annotations

Branches:
Dungeon (3/15)

Altars:

Annotations:
D:3 Natasha


Innate Abilities, Weirdness & Mutations

You reflexively headbutt those who attack you in melee.
You have a pair of horns on your head.


Message History

You block Natasha's attack.
You hit the orc priest.
The orc priest is severely wounded.
You closely miss Natasha. You slash the adder!
You kill the adder!
You hit the orc.
You feel sick. The orc hits you but does no damage.
The orc priest hits you with a +0 dagger.
Natasha claws you but does no damage. The orc hits you but does no damage.
You block the orc priest's attack.
You barely miss the orc priest.
The orc priest is severely wounded.
Your shield and scale mail prevent you from hitting Natasha.
You hit the orc.
You kill the orc!
You feel sick. Natasha claws you!
* * * LOW HITPOINT WARNING * * *
The orc priest hits you with a +0 dagger.
* * * LOW HITPOINT WARNING * * *
Natasha claws you!
You die...

#.......#
#........#.......# #
#........#.......# #.
#........#.......#
#.#
#........#.......#
..!#........#........
#.#........#........
#.h.(......#........
#@o#######.######.
#..#.......# ##
#.###..#.####### #
................# #
##......#.#.###.# #
........#.#.# #
.#......#.# # #
#......#.. #
#.##.#.### #


You could see an orc priest and Natasha.

Vanquished Creatures
  A bullfrog (D:2)
  A scorpion (D:2)
  A gnoll shaman (D:3)
  5 adders
  7 gnolls
  An ooze (D:1)
  2 worms (D:2)
  A dart slug (D:3)
  4 orcs (D:3)
  4 bats
  5 giant cockroaches
  9 goblins
  7 hobgoblins
  4 jackals (D:3)
  4 kobolds
  2 quokkas (D:2)
  A ball python (D:2)
  9 frilled lizards
  14 rats
82 creatures vanquished.

Notes
Turn   | Place    | Note
-------+----------+-------------------------------------------
     0 | D:1      | Flugslaktarn the Minotaur Fighter began the quest for the
                  | Orb.
     0 | D:1      | Reached XP level 1. HP: 19/19 MP: 0/0
   254 | D:1      | Reached XP level 2. HP: 27/27 MP: 1/1
   812 | D:1      | Reached XP level 3. HP: 32/33 MP: 2/2
  1028 | D:2      | Noticed a scorpion
  1042 | D:2      | Killed a scorpion
  1042 | D:2      | Reached XP level 4. HP: 28/40 MP: 3/3
  1176 | D:2      | Noticed a bullfrog
  1183 | D:2      | Killed a bullfrog
  1183 | D:2      | Reached XP level 5. HP: 38/47 MP: 4/4
  1773 | D:3      | Reached skill level 5 in Axes
  1896 | D:3      | Reached XP level 6. HP: 51/55 MP: 5/5
  2141 | D:3      | Reached skill level 5 in Shields
  2260 | D:3      | Noticed Natasha
  2271 | D:3      | Slain by Natasha

Illustrated notes

Levels and vault maps discovered:
D:1:      psy_arrival_wood_between_worlds, layout_rooms, minivault_11,
          chequers_serial_rivers_micro_e
D:2:      layout_loops_ring, first_ration, hex_large
D:3:      minmay_wonky_spiral, layout_basic, zin_angel, uniq_natasha

Skill      XL: |  1  2  3  4  5  6 |
---------------+-------------------+-----
Axes           | 3 4 5 |  5.4
Armour         | 4 |  4.9
Fighting       | 4 |  4.9
Shields        | 4 5 |  5.0

Action                   |  1- 3 |  4- 6 || total
-------------------------+-------+-------++-------
Melee: War axe           |    97 |    90 ||   187
       Headbutt          |    13 |    15 ||    28
  Use: Potion            |       |     1 ||     1
  Eat: Chunk             |     1 |     1 ||     2
       Ration            |       |     1 ||     1
Armor: Scale mail        |    36 |    33 ||    69
Dodge: Dodged            |    26 |    29 ||    55
Block: Kite shield       |    52 |    50 ||   102

Table legend:
 A = Non-vault XP
 B = Vault XP
 C = Vault XP percentage of total XP
 D = Non-vault monster count
 E = Vault monster count
 F = Vault count percentage of total count
                 A         B        C        D         E       F
            +---------+---------+-------+---------+---------+-------
      Total |     481 |       4 |   0.8 |      79 |       3 |   3.7
            +---------+---------+-------+---------+---------+-------
        D:1 |      47 |       0 |   0.0 |      28 |       0 |   0.0
        D:2 |     271 |       0 |   0.0 |      29 |       0 |   0.0
        D:3 |     163 |       4 |   2.4 |      22 |       3 |  12.0
            +---------+---------+-------+---------+---------+-------
